 Dungeon Crawl Stone Soup version 0.28-a0-203-gf40de95187 (console) character file.

Game seed: 5593032885767948223

2175 FIQ the Grappler (level 9, -4/88 HPs)
             Began as a Troll Monk on Aug 20, 2021.
             Killed from afar by an ice statue (7 damage)
             ... with a freezing blast
             ... on level 7 of the Dungeon.
             The game lasted 00:07:44 (5044 turns).

FIQ the Grappler (Troll Monk)                       Turns: 5044, Time: 00:07:44

Health: -4/88      AC:  6    Str: 21 (24) XL:     9   Next: 11%
Magic:  8/8        EV: 13    Int: 11 (12) God:
Gold:   544        SH:  0    Dex: 19 (20) Spells: 8/8 levels left

rFire   . . .      SeeInvis .     - Unarmed
rCold   + . .      Faith    .   (no shield)
rNeg    + . .      Spirit   .   r - +2 robe {rN+}
rPois   .          Reflect  .   (helmet restricted)
rElec   .          Harm     .   (no cloak)
rCorr   .          Rampage  .   (gloves unavailable)
Will    .....                   (boots unavailable)
Stlth   ++........              (no amulet)
HPRegen 1.24/turn               j - +6 ring of intelligence
MPRegen 0.11/turn               d - +6 ring of dexterity

@: flying
A: large, unfitting armour, claws 3, regeneration 1, shaggy fur 1, tough skin 1,
agile 1, cold resistance 1
a: no special abilities


You were on level 7 of the Dungeon.
You visited 1 branch of the dungeon, and saw 7 of its levels.
You also visited: Sewer.

You collected 544 gold pieces.

Inventory:

Missiles
 i - 53 poisoned darts (quivered)
Armour
 a - a +0 robe
 l - a +0 pair of boots
 r - a +2 robe of positive energy (worn)
Jewellery
 d - a +6 ring of dexterity (right claw)
 j - a +6 ring of intelligence (left claw)
 o - an amulet of magic regeneration
 v - a ring of ice
Wands
 g - a wand of flame (23)
 h - a wand of digging (4)
 p - a wand of iceblast (7)
 t - a wand of mindburst (14)
Scrolls
 k - a scroll of amnesia
 m - a scroll of summoning {unknown}
 n - 2 scrolls of teleportation {unknown}
 s - 2 scrolls of immolation {unknown}
Potions
 b - 4 potions of lignification
 c - a potion of flight
 e - a potion of heal wounds
 f - a potion of berserk rage
 u - 2 potions of haste


   Skills:
 + Level 5.6 Fighting
 + Level 5.6 Dodging
 - Level 1.0 Stealth
 * Level 8.0 Unarmed Combat
 + Level 2.8 Evocations


You had 8 spell levels left.
You didn't know any spells.
Your spell library contained the following spells:

 Spells                   Type           Power      Damage    Failure   Level
 Passwall                 Tmut/Erth      0%         N/A       47%         2
 Static Discharge         Conj/Air       0%         N/A       47%         2
 Swiftness                Air            0%         N/A       71%         3
 Lightning Bolt           Conj/Air       0%         1d11      100%        5
 Invisibility             Hex            0%         N/A       100%        6
 Maxwell's Capacitive Co  Air            0%         ∞         100%        8


Dungeon Overview and Level Annotations

Branches:
Dungeon (7/15)             Temple (0/1) D:7           Sewer (visited)

Altars:
Cheibriados
Gozag
Sif Muna

Shops:
D:3 *   D:5 *

Annotations:
D:7 exclusion: ice statue


Innate Abilities, Weirdness & Mutations

You are too large for most types of armour.
You have claws for hands.
Your natural rate of healing is unusually fast.
You are covered in fur. (AC +1)
You have tough skin. (AC +1)
You are agile. (Dex +2)
Your flesh is cold resistant. (rC+)


Message History

The ice statue is lightly damaged.
The ice beast hits you but does no damage.
The ice beast closely misses you.
The ice beast hits you but does no damage.
You claw the ice statue!
The ice statue is moderately damaged.
The ice beast closely misses you. The ice beast barely misses you. x2
You mangle the ice statue!! You claw the ice statue!
The ice statue is severely damaged.
The ice statue gestures at you. The freezing blast engulfs you. You resist.
The ice beast hits you. The ice beast freezes you. You resist.
The ice beast closely misses you. The ice beast hits you.
The ice beast freezes you. You resist.
You scratch the ice statue but do no damage.
The ice statue is severely damaged.
You are engulfed in freezing vapours.
You resist. The ice statue gestures at you. The shard of ice hits you!!
You partially resist.
* * * LOW HITPOINT WARNING * * *
The ice beast closely misses you.
The ice beast hits you but does no damage. x2
You claw the ice statue!
The ice statue is almost destroyed.
You are engulfed in freezing vapours.
You resist.
* * * LOW HITPOINT WARNING * * *
The ice beast barely misses you.
The ice beast hits you but does no damage. x2
You completely miss the ice statue.
The ice statue is almost destroyed.
You are engulfed in freezing vapours.
You resist.
* * * LOW HITPOINT WARNING * * *
The ice beast hits you but does no damage.
The ice beast barely misses you. x2
You scratch the ice statue but do no damage.
The ice statue is almost destroyed.
You are engulfed in freezing vapours.
You resist.
* * * LOW HITPOINT WARNING * * *
The ice statue gestures at you. The freezing blast engulfs you! You resist.
You die...

################
#⌠..)..≈≈≈......
##......○≈≈z...)[
#.......°8Yz....<
#.......Y@○z.....
#.⌠.....Y°○......
#.###############
#.# ##.#
#######..#
........##
####.####
##...######


You could see an ice statue, 3 ice beasts and 3 wights.

Vanquished Creatures
  2 water moccasins
  Purgy (Sewer)
  2 ice beasts
  2 necrophages
  2 black bears
  A sky beast (D:7)
  2 ogres
  A centaur (D:7)
  5 phantoms
  2 scorpions (D:5)
  A water moccasin skeleton (D:3)
  2 howler monkeys
  2 hounds
  Jessica (D:3)
  An iguana (D:5)
  An orc wizard (D:5)
  A killer bee zombie (D:6)
  A hound zombie (D:5)
  Robin (D:3)
  6 gnolls
  5 adders
  A white imp (D:7)
  An adder skeleton (D:5)
  2 worms
  2 dart slugs
  7 orcs
  7 ball pythons
  2 endoplasms (D:2)
  3 giant cockroaches
  11 goblins
  9 hobgoblins
  4 jackals (D:1)
  A quokka (D:1)
  6 bats
  2 frilled lizards
  11 kobolds
  7 rats
118 creatures vanquished.

Vanquished Creatures (others)
  A goblin (D:3)
1 creature vanquished.

Grand Total: 119 creatures vanquished

Notes
Turn   | Place    | Note
-------+----------+-------------------------------------------
     0 | D:1      | FIQ the Troll Monk began the quest for the Orb.
     0 | D:1      | Reached XP level 1. HP: 22/22 MP: 0/0
   308 | D:1      | Reached XP level 2. HP: 29/29 MP: 1/1
   514 | D:1      | Found a faded altar of an unknown god.
   905 | D:2      | Reached XP level 3. HP: 36/36 MP: 2/2
  1251 | D:3      | Noticed Robin
  1288 | D:3      | Killed Robin
  1289 | D:3      | Reached XP level 4. HP: 38/45 MP: 3/3
  1370 | D:3      | Reached skill level 4 in Unarmed Combat
  1428 | D:3      | Found a shimmering blue altar of Sif Muna.
  1631 | D:3      | Found Gozag's Platinum Reserve.
  1650 | D:3      | Found an opulent altar of Gozag.
  1652 | D:3      | Noticed Jessica
  1666 | D:3      | Killed Jessica
  1667 | D:3      | Reached XP level 5. HP: 51/53 MP: 4/4
  1740 | D:4      | Noticed a phantom
  1753 | D:4      | Killed a phantom
  1818 | D:4      | Reached XP level 6. HP: 62/62 MP: 5/5
  1890 | D:4      | Reached skill level 5 in Unarmed Combat
  2023 | D:4      | Reached XP level 7. HP: 50/70 MP: 6/6
  2402 | D:5      | Entered Level 5 of the Dungeon
  2402 | D:5      | Found Lidurgh's Elemental Accessories.
  2649 | D:5      | Reached skill level 6 in Unarmed Combat
  2649 | D:5      | Reached skill level 1 in Evocations
  2899 | D:5      | Reached XP level 8. HP: 43/79 MP: 7/7
  3639 | D:6      | Found a glowing drain.
  3648 | Sewer    | Entered a sewer
  3676 | Sewer    | Noticed Purgy
  3684 | Sewer    | Killed Purgy
  3685 | Sewer    | Reached skill level 5 in Fighting
  3685 | Sewer    | Reached skill level 5 in Dodging
  3863 | D:6      | Reached skill level 7 in Unarmed Combat
  4496 | D:6      | Gained mutation: Your flesh is cold resistant. (rC+)
                  | [potion of mutation]
  4496 | D:6      | Gained mutation: You are agile. (Dex +2) [potion of
                  | mutation]
  4630 | D:7      | Reached XP level 9. HP: 40/88 MP: 8/8
  4815 | D:7      | Reached skill level 8 in Unarmed Combat
  4843 | D:7      | Found a staircase to the Ecumenical Temple.
  4888 | D:7      | Found a snail-covered altar of Cheibriados.
  4943 | D:7      | Noticed an ice statue
  5044 | D:7      | HP: 2/88 [ice statue] (8)]
  5044 | D:7      | Killed from afar by an ice statue

Illustrated notes

Levels and vault maps discovered:
D:1:      minmay_arrival_three_doors, layout_basic,
          shapermc_ecumenical_altar_hornbeckon
D:2:      layout_rooms
D:3:      layout_basic, mainiacjoe_overflow_catwalk,
          nicolae_gozag_zags_fifth_avenue, uniq_robin, uniq_jessica
D:4:      layout_cave_pools
D:5:      layout_layer_cave, nicolae_elemental_shop, minmay_misc_feat_diagonals,
          st_stairs_1
D:6:      layout_basic, portal_sewer_entry_a, minmay_misc_feat_enclosed,
          hangedman_decor_slide_cut
D:7:      lemuel_ice_statue, layout_rooms, kennysheep_mini_moat,
          minmay_temple_entry_poolview

Skill      XL: |  1  2  3  4  5  6  7  8  9 |
---------------+----------------------------+-----
Fighting       | 3 4 5 |  5.6
Dodging        | 3 4 5 |  5.6
Unarmed Combat | 4 5 6 7 8 |  8.0
Evocations     | 1 2 |  2.8
Stealth        | |  1.0

Action                   |  1- 3 |  4- 6 |  7- 9 || total
-------------------------+-------+-------+-------++-------
Melee: Unarmed           |   117 |    92 |   184 ||   393
       Punch             |     4 |     4 |     7 ||    15
  Use: Scroll            |       |       |     7 ||     7
       Potion            |       |       |     6 ||     6
 Stab: Sleeping          |     4 |     1 |     4 ||     9
Armor: Robe              |    29 |    18 |    72 ||   119
Dodge: Dodged            |    50 |    38 |   108 ||   196

Table legend: (Time is in decaauts)
 A = Elapsed time spent in this place.
 B = Non-inter-level travel time spent in this place.
 C = Inter-level travel time spent in this place.
 D = Time resting spent in this place.
 E = Time spent auto-exploring this place.
 F = Levels seen in this place.
 G = Mean time per level.
                   A        B        C        D        E       F      G
               +--------+--------+--------+--------+--------+-----+--------+
         Total |   5000 |   4758 |    242 |      0 |   3935 |   8 |  625.0 |
       Dungeon |   4841 |   4599 |    242 |      0 |   3868 |   7 |  691.6 |
         Sewer |    158 |    158 |      0 |      0 |     67 |   1 |  158.0 |
               +--------+--------+--------+--------+--------+-----+--------+

Top non-repeatable levels by time:
     D:5: 1166 daAuts
     D:1: 792 daAuts
     D:6: 761 daAuts
     D:3: 641 daAuts
     D:4: 614 daAuts
     D:7: 519 daAuts
     D:2: 346 daAuts
   Sewer: 158 daAuts
